 Dungeon Crawl Stone Soup version 0.17-a0-2109-g117576f (webtiles) character file.

592 4thArraOfDagon the Firebug (level 7, -3/36 HPs)
             Began as a Deep Elf Fire Elementalist on Oct 19, 2015.
             Was a Follower of Vehumet.
             Slain by an ogre
             ... wielding a +0 giant club
              (23 damage)
             ... on level 8 of the Dungeon.
             The game lasted 00:08:35 (1588 turns).

4thArraOfDagon the Firebug (DEFE)                   Turns: 1588, Time: 00:08:35

Health: -3/36      AC:  5    Str:  5    XL:     7   Next: 16%
Magic:  8/16       EV:  7    Int: 22    God:    Vehumet [*.....]
Gold:   184        SH:  0    Dex: 15    Spells: 3 memorised, 8 levels left

rFire  . . .     SeeInvis .     e - +2 short sword (speed)
rCold  . . .     Clarity  .     a - +0 robe
rNeg   . . .     SustAt   .     (no shield)
rPois  .         Gourm    .     (no helmet)
rElec  .         Spirit   .     t - +0 cloak
rCorr  .         Warding  .     k - +0 pair of gloves
rMut   .         Stasis   .     v - +0 pair of boots
MR     +....                    (no amulet)
Stlth  ++........               (no ring)
                                m - ring of protection from magic

@: about to teleport, held, somewhat resistant to hostile enchantments,
unstealthy
A: no striking features
a: Renounce Religion


You were on level 8 of the Dungeon.
You worshipped Vehumet.
Vehumet was aware of your devotion.
You were not hungry.

You visited 2 branches of the dungeon, and saw 9 of its levels.

You collected 184 gold pieces.

Inventory:

Hand Weapons
 e - a +2 short sword of speed (weapon)
Armour
 a - a +0 robe (worn)
 k - a +0 pair of gloves (worn)
 t - a +0 cloak (worn)
 v - a +0 pair of boots (worn)
Jewellery
 m - a ring of protection from magic (left hand)
 A - a +2 ring of slaying {unknown}
Scrolls
 d - 2 scrolls of random uselessness {unknown}
 n - 3 scrolls of identify
 o - 2 scrolls of remove curse {unknown}
 s - 2 scrolls of noise {unknown}
 x - 3 scrolls of magic mapping {unknown}
 y - a scroll of fear {unknown}
Potions
 g - a potion of haste {unknown}
 h - a potion of beneficial mutation {unknown}
 p - a potion of poison {unknown}
 q - a potion of magic
 r - 2 potions of invisibility
 u - a potion of cancellation {unknown}
 w - a potion of heal wounds {unknown}
Books
 b - a book of Flames

   Spells                             Type                      Level
   a - Flame Tongue                   Conjuration/Fire             1
   b - Throw Flame                    Conjuration/Fire             2
   c - Conjure Flame                  Conjuration/Fire             3
   d - Inner Flame                    Hexes/Fire                   3
   e - Sticky Flame                   Conjuration/Fire             4
   f - Fireball                       Conjuration/Fire             5
Comestibles
 c - 2 bread rations
 f - 2 meat rations
 l - a beef jerky
 z - 5 chunks of flesh


   Skills:
 - Level 2.4 Dodging
 - Level 2.4 Stealth
 + Level 5.1 Spellcasting
 * Level 5.3 Conjurations
 * Level 6.3 Fire Magic


You had 8 spell levels left.
You knew the following spells:

 Your Spells              Type           Power        Failure   Level  Hunger
a - Flame Tongue          Conj/Fire      ####.        1%          1    None
b - Conjure Flame         Conj/Fire      ####....     2%          3    ##.....
c - Sticky Flame          Conj/Fire      ####....     12%         4    ####...


Dungeon Overview and Level Annotations

Branches:
Dungeon (8/15)             Temple (1/1) D:4
   Lair: D:8-11

Altars:
Cheibriados
Makhleb
Okawaru
Sif Muna
Vehumet
Zin

Shops:
D:4 %

Annotations:
D:3 4thArraOfDagon's ghost, weakling GrGl


Message History

You slip out of the net!
The gnoll throws a throwing net.
The throwing net hits you.
You become entangled in the net!
Unknown command.
You try to slip out of the net.
Unknown command.
Read which item? (? for menu, Esc to quit)
Okay, then.
Read which item? (? for menu, Esc to quit)
As you read the scroll labeled LAUGOOFA UGUGO, it crumbles to dust.
It is a scroll of recharging.
You aren't carrying any rechargeable items.
The gnoll completely misses you. The ogre barely misses you.
Unknown command.
Read which item? (? for menu, Esc to quit)
As you read the scroll of teleportation, it crumbles to dust.
You feel strangely unstable.
The gnoll hits you from afar with a spear.
The ogre hits you with a giant club!!
Ouch! That really hurt!
You die...

##......(..#
##...##..##<#
#........##.#
#....##.###.#
##.#.###.# #.#
#..#.# #.# #.#
###.##.# #.# #.#
#......# .. #.#
#...O@)# #.#
#......gr.......
.........#g....#..
...#......#
....#.#
#.###...... ... #.
##.##.## .. #. .#
. #. ..


You could see an ogre, a gnoll sergeant, a gnoll and a quokka.

Vanquished Creatures
  A sky beast (D:6)
  An ogre (D:6)
  2 centaurs
  A giant frog (D:7)
  A hound (D:8)
  A centaur skeleton (D:5)
  An orc wizard (D:5)
  4 gnolls
  3 adders
  A giant gecko (D:5)
  5 orcs (D:5)
  A ball python (D:1)
  A bat (D:1)
  3 giant cockroaches
  6 hobgoblins
  5 jackals
  2 kobolds
  2 quokkas
  A ball python zombie (D:5)
  A giant gecko zombie (D:6)
  A giant newt (D:1)
  2 goblins
  4 rats
50 creatures vanquished.

Notes
Turn   | Place    | Note
--------------------------------------------------------------
     0 | D:1      | 4thArraOfDagon the Deep Elf Fire Elementalist began the quest for the Orb.
     0 | D:1      | Reached XP level 1. HP: 10/10 MP: 6/6
   173 | D:2      | Reached XP level 2. HP: 15/15 MP: 5/8
   339 | D:3      | Noticed 4thArraOfDagon's ghost (weakling GrGl)
   608 | D:5      | Entered Level 5 of the Dungeon
   662 | D:5      | Reached skill level 4 in Fire Magic
   662 | D:5      | Reached XP level 3. HP: 8/19 MP: 1/10
   667 | D:5      | Learned a level 3 spell: Conjure Flame
   719 | D:4      | Found Plog's Food Shoppe.
   723 | D:4      | Found a staircase to the Ecumenical Temple.
   761 | Temple   | Entered the Ecumenical Temple
   771 | Temple   | Became a worshipper of Vehumet
   824 | D:5      | Reached XP level 4. HP: 11/24 MP: 4/11
   833 | D:5      | Noticed a scorpion
   967 | D:5      | Noticed a phantom
  1083 | D:5      | Noticed a centaur
  1107 | D:5      | Killed a centaur
  1107 | D:5      | Reached skill level 5 in Fire Magic
  1107 | D:5      | Reached XP level 5. HP: 24/28 MP: 7/13
  1234 | D:6      | Learned a level 4 spell: Sticky Flame
  1309 | D:6      | Noticed a sky beast
  1309 | D:6      | Noticed an ogre
  1316 | D:6      | Killed a sky beast
  1316 | D:6      | Reached XP level 6. HP: 21/32 MP: 8/14
  1326 | D:6      | Killed an ogre
  1524 | D:7      | Reached skill level 5 in Conjurations
  1524 | D:7      | Reached skill level 6 in Fire Magic
  1566 | D:8      | Reached * piety under Vehumet
  1566 | D:8      | Offered knowledge of Magic Dart by Vehumet.
  1566 | D:8      | Reached skill level 5 in Spellcasting
  1566 | D:8      | Reached XP level 7. HP: 23/36 MP: 7/16
  1588 | D:8      | Slain by an ogre

Vault maps used:
D:1:      lightli_arrival_boilingwater
D:2:      gammafunk_temple_overflow_elements, kennysheep_cluttered_room,
          grunt_ministairs_9
D:3:      tgw_trog, lemuel_coloured_pillars_altar
D:4:      lemuel_castle_with_subvaults, old_standard_altar,
          minmay_temple_entry_statues_fountains, serial_shops, shop,
          first_bread, st_stairs_12, minmay_large_rounded_square,
          trog_three_pillars_becter, uniq_duvessa
D:5:      nicolae_dithmenos_the_darkroom, uniq_blork_the_orc
D:6:      grunt_temple_overflow_opulence, minivault_4
D:8:      grunt_livestock
Temple:   triangle_lava_temple_12

Action                   |  1- 3 |  4- 6 |  7- 9 || total
-------------------------+-------+-------+-------++-------
Melee: Club              |     7 |       |       ||     7
       Short sword       |     6 |    15 |       ||    21
 Cast: Flame Tongue      |    45 |    45 |     3 ||    93
       Conjure Flame     |       |     1 |       ||     1
       Sticky Flame      |       |     4 |       ||     4
  Use: Scroll            |     3 |       |     2 ||     5
       Potion            |     1 |     1 |       ||     2
 Stab: Sleeping          |     1 |       |       ||     1
  Eat: Chunk             |       |     3 |       ||     3
